 Dungeon Sprint DCSS version bcrawl-1.40.3b (webtiles) character file.

Game seed: 9713053213543182314

1344657 petercordia the Bludgeoner (level 10, -10/127 HPs)
             Began as an Ent Archaeologist on Jan 8, 2024.
             Was an Elder of Uskayaw.
             Mangled by a wolf spider (13 damage)
             ... in the Dungeon (Sprint V: "Ziggurat Sprint").
             The game lasted 00:13:48 (1144 turns).

petercordia the Bludgeoner (Ent Archaeologist)      Turns: 1144, Time: 00:13:49

Health: -10/127    AC: 19    Str: 26    XL:     10   Next: 34%
Magic:  20/20      EV: 16    Int: 21    God:    Uskayaw [****..]
Gold:   0          SH:  0    Dex:  8    Spells: 9/9 levels left

rFire    + . .     GDR:     29% Y - +5 giant club
rCold    . . .     SeeInvis +   (shield currently unavailable)
rNeg     + + +     Gourm    .   (armour unavailable)
rPois    +         Faith    .   c - +2 hat of Catatonia {rElec rF+ Str+4}
rElec    +         Spirit   .   (no cloak)
rCorr    .         Reflect  .   (gloves unavailable)
MR       +....     NoTele   +   (boots unavailable)
Stlth    ++++......             (no amulet)
HPRegen  0.31/turn              Q - ring of Qazlal's Approval {EV+4 Str-3 Int+3 SInv}
MPRegen  0.17/turn              G - +6 ring of strength

@: very slow
A: large, slow actions, passwall, strong branches, negative energy resistance 3,
poison resistance, slow metabolism 1, torment resistance, unbreathing, AC +17
a: Passwall, Stomp, Line Pass, Renounce Religion


You were in the Dungeon.
You worshipped Uskayaw.
Uskayaw was pleased with you.
You were hungry.

You visited 1 branch

Inventory:

Hand Weapons
 b - a +0 blowgun
 J - the +6 Majin-Bo {vamp, *Drain Str+12 Int+24}
   (You found it in the Dungeon)

   It inflicts no extra harm, but heals its wielder when it wounds a living foe.
   It affects your strength (+12).
   It affects your intelligence (+24).
   It causes draining when unequipped.
 K - the +9 heavy crossbow "Sniper" {velocity, Acc+∞ SInv}
   (You found it in the Dungeon)

   Any bolt fired from it inflicts extra damage.
   It lets you see invisible.
 L - the +10 dark maul {crush}
   (You found it in the Dungeon)

   It will always inflict at least some extra damage.
   This minimum extra damage increases with your current reserve of magical
   power.
 V - the +7 mace of Variability {chain chaos}
   (You found it in the Dungeon)

   Each time it hits an enemy it has a different, random effect.
 W - the +7 Singing Sword {slice}
   (You found it in the Dungeon)

   It will always inflict at least some extra damage.
   This minimum extra damage increases with your current reserve of magical
   power.
 Y - a +5 giant club (weapon)
 Z - a +5 giant spiked club
Missiles
 d - 6 curare-tipped needles
 N - 999 bolts
Armour
 c - the +2 hat of Catatonia (worn) {rElec rF+ Str+4}
   (You found it in the Dungeon)

   It affects your strength (+4).
   It protects you from fire.
   It insulates you from electricity.
 M - the +18 shield of the Gong {rElec rN+ MR+ EV-5}
   (You found it in the Dungeon)

   It affects your evasion (-5).
   It insulates you from electricity.
   It protects you from negative energy.
   It affects your resistance to hostile enchantments.
Magical Staves
 A - an uncursed staff of power
 O - an uncursed staff of wizardry
 S - an uncursed staff of air
Jewellery
 f - the ring of Due Proportion {+Fly rC+}
   (You found it in the Dungeon)

   [ring of protection from cold]

   It protects you from cold.
   It lets you fly.
 B - an uncursed ring of flight
 C - a +6 ring of dexterity
 D - a +6 ring of dexterity
 E - a +6 ring of intelligence
 F - a +6 ring of intelligence
 G - a +6 ring of strength (right hand)
 H - a +6 ring of strength
 Q - the ring of Qazlal's Approval (left hand) {EV+4 Str-3 Int+3 SInv}
   (You acquired it in the Dungeon)

   [ring of evasion]

   It affects your evasion (+4).
   It affects your strength (-3).
   It affects your intelligence (+3).
   It lets you see invisible.
 R - the ring of Utiatit {+Fly rElec rF+ rC+ Int-5}
   (You found it in the Dungeon)

   [ring of protection from fire]

   It affects your intelligence (-5).
   It protects you from fire.
   It protects you from cold.
   It insulates you from electricity.
   It lets you fly.
Wands
 x - a wand of disintegration (7)
 y - a wand of iceblast (7)
 z - a wand of acid (7)
Scrolls
 g - a scroll of revelation
 i - 5 scrolls of identify
 m - 4 scrolls of blinking
 s - 4 scrolls of amnesia
 t - 7 scrolls of fog
 v - 5 scrolls of remove curse
 w - 2 scrolls of fear
Potions
 a - 2 potions of brilliance
 h - 8 potions of curing
 j - 6 potions of haste
 k - 7 potions of magic
 l - 3 potions of berserk rage
 n - 2 potions of invisibility
 o - 4 potions of resistance
 p - a potion of experience
 q - 6 potions of agility
 r - 5 potions of might
 u - 10 potions of heal wounds
Miscellaneous
 I - a lightning rod (4/4)
 P - a lamp of fire
 T - a phial of floods
 X - a fan of gales (2/2)
Comestibles
 e - 8 rations {!d}
 U - 16 chunks of flesh


   Skills:
 * Level 12.7 Fighting
 * Level 16.1 Maces & Flails
 + Level 8.1 Dodging
 + Level 10.5 Stealth
 * Level 13.5 Invocations


You had 9 spell levels left.
You didn't know any spells.
Your spell library contained the following spells:

 Spells                   Type           Power        Failure   Level  Hunger
 Apportation              Tloc           #.....       19%         1    None
 Blink Other              Tloc           #.....       19%         1    None
 Corona                   Hex            #......      19%         1    None
 Infusion                 Chrm           #.......     19%         1    None
 Sandblast                Erth           #.....       19%         1    None
 Slow                     Hex            #.......     19%         1    None
 Summon Butterflies       Summ           #.......     19%         1    None
 False Image              Hex/Summ       #.......     47%         3    #####..
 Recall                   Summ/Tloc      N/A          47%         3    #####..
 Teleport Other           Tloc           #.......     47%         3    #####..
 Cause Fear               Hex            #.........   87%         4    ######.
 Bolt of Magma            Conj/Fire/Erth #.........   99%         5    #######
 Dispel Undead            Necr           #.......     99%         5    #######
 Fireball                 Conj/Fire      #.........   99%         5    #######
 Steam Barrier            Chrm/Fire      #.........   99%         5    #######
 Bolt of Fire             Conj/Fire      #.........   100%        6    #######
 Monstrous Menagerie      Summ           #.........   100%        7    #######
 Shadow Creatures         Summ           N/A          100%        7    #######
 Ignition                 Hex/Fire       #.........   100%        8    #######
 Dragon's Call            Summ           #.........   100%        9    #######
 Fire Storm               Fire           #.........   100%        9    #######
 Passwall                 Tmut/Erth      Unusable     N/A         2    N/A
 Dragon Form              Tmut           Unusable     N/A         7    N/A
 Necromutation            Tmut/Necr      Unusable     N/A         8    N/A

Dungeon Overview and Level Annotations

Branches:
Dungeon (1/1)

Altars:
Ashenzari
Cheibriados
Dithmenos
Elyvilon
Fedhas
Gozag
Hepliaklqana
Lugonu
Makhleb
Nemelex Xobeh
Okawaru
Qazlal
Ru
Sif Muna
Trog
Uskayaw
Vehumet
Wu Jian
Xom
Yredelemnul
Zin
The Shining One
Jiyva


Innate Abilities, Weirdness & Mutations

You move and act slowly.
You can pass through walls and trees.
Your branches can wield two-handed weapons with a shield.
Your thick bark is tough. (AC +17)
You are too large for most types of armour.
You are immune to negative energy. (rN+++)
Your system is resistant to poisons. (rPois)
You have a slow metabolism.
You are immune to unholy pain and torment.
You can survive without breathing.


Message History

The wolf spider hits you but does no damage.
The wolf spider bites you.
* * * LOW HITPOINT WARNING * * *
You can no longer merge with and destroy a victim.
Okay, then.
Unknown command.
Unknown command.
Unknown command.
Unknown command.
Unknown command.
You barely miss the wolf spider.
The wolf spider is severely wounded.
You sock the redback! You closely miss the tarantella. x2
The tarantella bites you!
* * * LOW HITPOINT WARNING * * *
The tarantella barely misses you. The wolf spider closely misses you.
The wolf spider misses you. The redback barely misses you.
The redback completely misses you. The tarantella misses you.
The tarantella barely misses you. The wolf spider hits you!
You die...

▓..)[[|}..▓
▓...[})}..▓
▓.........▓
▓.........▓
▓.........▓
▓.........▓
▓.▓.sss.▓.▓
▓...†@ss..▓
▓▓▓▓▓▓▓▓▓▓▓


You could see a wolf spider, 3 tarantellas and a redback.

Vanquished Creatures
  3 naga magi (D)
  2 black mambas (D)
  3 jumping spiders (D)
  A komodo dragon (D)
  A slime creature (D)
  A tarantella (D)
  2 yaks (D)
  3 nagas (D)
  4 water moccasins (D)
  A crocodile (D)
  A hell hound (D)
  A porcupine (D)
  A bullfrog (D)
  2 jellies (D)
  An iron imp (D)
  An iguana (D)
  5 adders (D)
  2 river rats (D)
  A white imp (D)
  An ufetubus (D)
  4 ball pythons (D)
  3 jackals (D)
  A quokka zombie (D)
45 creatures vanquished.

Vanquished Creatures (others)
  3 water moccasins (D)
  An adder (D)
4 creatures vanquished.

Grand Total: 49 creatures vanquished

Notes
Turn   | Place    | Note
-------+----------+-------------------------------------------
     0 | D        | petercordia the Ent Archaeologist began the quest for the
                  | Orb.
     0 | D        | Reached XP level 1. HP: 21/21 MP: 1/1
     4 | D        | Found a blossoming altar of Fedhas.
     5 | D        | Found the +6 Majin-Bo {vamp, *Drain Str+12 Int+24}
     5 | D        | Found the +9 heavy crossbow "Sniper" {velocity, Acc+∞ SInv}
     5 | D        | Found the +10 dark maul {crush}
     5 | D        | Found the +15 Maxwell's patent armour {-Cast -Tele rElec
                  | MR+ rCorr}
     5 | D        | Found the +18 shield of the Gong {rElec rN+ MR+ EV-5}
     5 | D        | Found the cursed +14 obsidian axe {chop, +Fly SInv *Curse}
     5 | D        | Found the +7 great mace "Firestarter" {inner flame, rF++}
     5 | D        | Found the +0 shillelagh "Devastator" {shatter, Stlth+}
     5 | D        | Found the +8 plutonium sword {irradiate, +Channel *Contam
                  | MR+ Stlth-}
     5 | D        | Found the +8 lance "Wyrmbane" {slay drac, rPois rF+ rC+
                  | AC+3}
     5 | D        | Found the +9 sword of Zonguldrok {reap}
     5 | D        | Found the cursed +13 scythe of Curses {drain, *Curse}
     5 | D        | Found the +0 sword of Power
     5 | D        | Found the +7 mace of Variability {chain chaos}
     5 | D        | Found the +7 Singing Sword {slice}
     5 | D        | Found the +7 longbow "Piercer" {penet, EV-2}
     5 | D        | Found a viscous altar of Jiyva.
     5 | D        | Found a transporter.
     5 | D        | Found a hazy altar of Hepliaklqana.
     5 | D        | Found an ancient bone altar of Kikubaaqudgha.
     5 | D        | Found an opulent altar of Gozag.
     5 | D        | Found a corrupted altar of Lugonu.
    10 | D        | Found a shimmering blue altar of Sif Muna.
    10 | D        | Found a sacrificial altar of Ru.
    10 | D        | Found a bloodstained altar of Trog.
    10 | D        | Found a stormy altar of Qazlal.
    10 | D        | Found an iron altar of Okawaru.
    10 | D        | Found a sparkling altar of Nemelex Xobeh.
    12 | D        | Found a burning altar of Makhleb.
    82 | D        | Became a worshipper of Uskayaw the Reveler
    96 | D        | Entered arena 2.
    96 | D        | Found a transporter.
    98 | D        | Reached * piety under Uskayaw
    99 | D        | Reached XP level 2. HP: 32/32 MP: 1/3
   114 | D        | Entered arena 3.
   114 | D        | Noticed a slime creature
   114 | D        | Found a transporter.
   116 | D        | Reached ** piety under Uskayaw
   117 | D        | Reached XP level 3. HP: 42/42 MP: 3/6
   117 | D        | Reached *** piety under Uskayaw
   118 | D        | Reached skill level 5 in Fighting
   118 | D        | Reached skill level 5 in Stealth
   118 | D        | Reached skill level 5 in Invocations
   118 | D        | Reached XP level 4. HP: 37/54 MP: 3/7
   119 | D        | Reached **** piety under Uskayaw
   121 | D        | Reached ***** piety under Uskayaw
   123 | D        | Killed a slime creature
   124 | D        | Reached skill level 5 in Dodging
   124 | D        | Reached XP level 5. HP: 22/68 MP: 4/11
   124 | D        | Identified a scroll of acquirement
   220 | D        | Entered arena 4.
   220 | D        | Found a transporter.
   223 | D        | Reached XP level 6. HP: 76/78 MP: 12/12
   242 | D        | Got the +6 war axe "Killer Bee's Peril" {vamp, Fragile
                  | +Blink SInv Stlth-}
   306 | D        | Entered arena 5.
   306 | D        | Noticed a porcupine
   306 | D        | Noticed a yak
   306 | D        | Found a transporter.
   325 | D        | Killed a porcupine
   325 | D        | HP: 2/79 [yak (8)]
   326 | D        | Reached skill level 10 in Invocations
   327 | D        | Killed a yak
   328 | D        | Reached XP level 7. HP: 3/91 MP: 4/14
   481 | D        | Entered arena 6.
   481 | D        | Found a transporter.
   487 | D        | Reached skill level 3 in Maces & Flails
   491 | D        | HP: 4/91 [white imp/puff of frost (8)]
   492 | D        | Reached skill level 6 in Maces & Flails
   503 | D        | Got Dispater's Almanac of Creative Stones
   642 | D        | Entered arena 7.
   642 | D        | Noticed a naga mage
   649 | D        | Reached skill level 8 in Maces & Flails
   652 | D        | Killed a naga mage
   653 | D        | Reached skill level 10 in Maces & Flails
   653 | D        | Reached skill level 11 in Maces & Flails
   653 | D        | Reached XP level 8. HP: 31/100 MP: 15/15
   654 | D        | Reached skill level 12 in Maces & Flails
   655 | D        | Reached skill level 13 in Maces & Flails
   657 | D        | Found a transporter.
   769 | D        | Entered arena 8.
   769 | D        | Noticed a black mamba
   769 | D        | Noticed a naga mage
   769 | D        | Noticed a black mamba
   770 | D        | Found a transporter.
   775 | D        | Killed a black mamba
   776 | D        | Reached skill level 14 in Maces & Flails
   776 | D        | Reached skill level 10 in Fighting
   776 | D        | Killed a black mamba
   777 | D        | Reached XP level 9. HP: 8/110 MP: 12/17
   778 | D        | Killed a naga mage
   778 | D        | HP: 5/110 [poisoned by a naga mage (splash of poison)]
   784 | D        | HP: 5/113 [poisoned by a naga mage (splash of poison)]
   788 | D        | Identified the +5 giant spiked club "Natint" {pain, rElec
                  | rC+ MR+ Str-4} (You acquired it in the Dungeon)
   788 | D        | Identified the ring of Qazlal's Approval {EV+4 Str-3 Int+3
                  | SInv} (You acquired it in the Dungeon)
   790 | D        | HP: 5/113 [poisoned by a naga mage (splash of poison)]
   959 | D        | Entered arena 9.
   959 | D        | Noticed a naga mage
   963 | D        | Reached skill level 15 in Maces & Flails
   966 | D        | Found a transporter.
   966 | D        | Killed a naga mage
   973 | D        | Got Moistram's Tome of the Unholy Voyage
   982 | D        | Got the ring of Due Proportion {+Fly rC+}
   985 | D        | Got the ring of Utiatit {+Fly rElec rF+ rC+ Int-5}
  1072 | D        | Entered arena 10.
  1072 | D        | Noticed a komodo dragon
  1074 | D        | Found a transporter.
  1077 | D        | Killed a komodo dragon
  1078 | D        | Reached skill level 10 in Stealth
  1078 | D        | Reached XP level 10. HP: 118/124 MP: 19/19
  1115 | D        | Got the +2 hat of Catatonia {rElec rF+ Str+4}
  1132 | D        | Entered arena 11.
  1132 | D        | Noticed a wolf spider
  1140 | D        | Reached skill level 16 in Maces & Flails
  1144 | D        | HP: 3/127 [tarantella (7)]
  1144 | D        | Mangled by a wolf spider

Skill      XL: |  1  2  3  4  5  6  7  8  9 10 |
---------------+-------------------------------+-----
Fighting       | 2 4 5 7 8 9 10 12 | 12.7
Dodging        | 3 5 6 7 8 |  8.1
Stealth        | 4 5 7 8 10 | 10.5
Invocations    | 2 4 5 8 10 11 12 13 | 13.5
Maces & Flails | 11 14 15 16 | 16.1

Action                   |  1- 3 |  4- 6 |  7- 9 | 10-12 || total
-------------------------+-------+-------+-------+-------++-------
Melee: Double sword      |     8 |    25 |    11 |       ||    44
       Great mace        |       |     3 |    21 |       ||    24
       Giant club        |       |       |     4 |    13 ||    17
 Fire: Heavy crossbow    |       |       |     1 |       ||     1
Invok: Stomp             |       |     3 |     2 |       ||     5
 Abil: Lunge             |       |       |     1 |       ||     1
  Use: Scroll            |       |       |     1 |       ||     1
       Potion            |       |       |       |     2 ||     2
 Stab: Paralysed         |       |     1 |     3 |       ||     4
       Invisible         |       |     1 |       |       ||     1
  Eat: Chunk             |       |       |     4 |       ||     4
Armor: Skin              |     5 |    49 |    74 |    18 ||   146
Dodge: Dodged            |       |     8 |    14 |    39 ||    61
Block: Medium shield     |    15 |    89 |    98 |       ||   202
